 Dungeon Crawl Stone Soup version 0.29.0-10-g45618ea6d2 (webtiles) character file.

Game seed: 1200527436673873998

140 smilodon the Slasher (level 5, -5/39 HPs)
             Began as a Demonspawn Gladiator on Sept 2, 2022.
             Slain by a gnoll
             ... wielding a +2 flail of draining
              (10 damage)
             ... on level 3 of the Dungeon.
             The game lasted 00:06:14 (2831 turns).

smilodon the Slasher (Demonspawn Gladiator)         Turns: 2831, Time: 00:06:15

Health: -5/39      AC:  3    Str: 16    XL:     5   Next: 2%
Magic:  5/5        EV: 16    Int: 10    God:
Gold:   78         SH:  0    Dex: 14    Spells: 4/4 levels left

rFire   + . .      SeeInvis .   a - +0 long sword
rCold   + . .      Faith    .   (no shield)
rNeg    . . .      Spirit   .   b - +0 leather armour
rPois   .          Reflect  .   (helmet restricted)
rElec   .          Harm     .   f - scarf {rC+ rF+}
rCorr   .          Rampage  .   (no gloves)
Will    .....                   (no boots)
Stlth   +.........              (no amulet)
HPRegen 0.13/turn               i - +4 ring of evasion
MPRegen 0.09/turn               (no ring)

@: no status effects
A: antennae 1, demonic guardian 1
a: no special abilities


You were on level 3 of the Dungeon.
You visited 1 branch of the dungeon, and saw 3 of its levels.

You collected 78 gold pieces.

Inventory:

Hand Weapons
 a - a +0 long sword (weapon)
 m - a +2 short sword of draining
Missiles
 d - 2 throwing nets (quivered)
 e - a javelin
 j - 5 poisoned darts
Armour
 b - a +0 leather armour (worn)
 c - a +0 helmet
 f - a scarf of resistance (worn)
 h - a +0 pair of gloves
Jewellery
 i - a +4 ring of evasion (left hand)
Scrolls
 k - a scroll of teleportation
 n - a scroll of fog
Potions
 g - a potion of brilliance
 l - a potion of curing


   Skills:
 + Level 2.5 Fighting
 + Level 4.1 Long Blades
 + Level 1.9 Throwing
 + Level 1.0 Armour
 + Level 3.4 Dodging
 + Level 0.8 Stealth


You had 4 spell levels left.
You didn't know any spells.
Your spell library contained the following spells:

 Spells                   Type           Power      Damage    Failure   Level
 Blade Hands              Tmut           0%         N/A       100%        5
 Irradiate                Conj/Tmut      0%         3d11      100%        5
 Dragon Form              Tmut           0%         N/A       100%        7


Dungeon Overview and Level Annotations

Branches:
Dungeon (3/15)

Altars:


Innate Abilities, Weirdness & Mutations

You have a pair of small antennae on your head.
A weak demonic guardian rushes to your aid.


Message History

Your white imp barely misses the gnoll.
The gnoll closely misses your white imp.
The gnoll barely misses your white imp.
Your white imp hits the gnoll.
Your white imp freezes the gnoll.
The gnoll dies!
Your Armour skill increases to level 1!
You have reached level 5!
A gnoll comes into view. It is wielding a +2 flail of draining.
A gnoll is nearby!
You are too injured to fight recklessly!
You are too injured to fight recklessly!
You are too injured to fight recklessly!
You are too injured to fight recklessly!
You are too injured to fight recklessly!
You are too injured to fight recklessly!
You are too injured to fight recklessly!
You are too injured to fight recklessly!
You are too injured to fight recklessly!
You swap places.
A gnoll comes into view. It is wielding a +0 spear.
The gnoll barely misses you.
Your white imp gestures at the gnoll.
The puff of frost hits the gnoll!
Your white imp gestures at the gnoll.
The puff of frost hits the gnoll.
Your white imp hits the gnoll but does no damage.
The gnoll hits your white imp with a +0 spear.
Your white imp disappears in a puff of smoke!
The gnoll hits you from afar with a +0 spear.
You slash the gnoll!
The gnoll is heavily wounded.
The gnoll misses you. The gnoll closely misses you.
You closely miss the gnoll.
The gnoll is heavily wounded.
The gnoll misses you. x2
The gnoll hits you from afar with a +0 spear!
* * * LOW HITPOINT WARNING * * *
A demonic guardian appears!
The gnoll hits you with a +2 flail of draining!
You die...

. .. ## . #. .# ##. #.#.
.. ##...#.#.##.#
##....#......# #
#..?..#.#..#.##.#
#.......#.)†5...###
#####...##.#.#........
##..###......##@#######
##....###..#...#g######
#......##)g.....g.......
..........#.#..#§#######
#<##...#.......#.#
#.####.#.......#.# #.#
#.#...#####.# #.#
#.#..... #.# #..
..#..###. #..


You could see 2 gnolls and a friendly shadow imp (summoned).

Vanquished Creatures
  Robin (D:2)
  4 adders
  2 worms
  A dart slug (D:2)
  6 endoplasms
  A giant cockroach (D:1)
  6 hobgoblins
  3 quokkas
  3 ball pythons
  7 bats
  2 frilled lizards (D:1)
  13 goblins
  3 kobolds
  17 rats
69 creatures vanquished.

Vanquished Creatures (collateral kills)
  An adder (D:2)
  A gnoll (D:3)
2 creatures vanquished.

Grand Total: 71 creatures vanquished

Notes
Turn   | Place    | Note
-------+----------+-------------------------------------------
     0 | D:1      | smilodon the Demonspawn Gladiator began the quest for the
                  | Orb.
     0 | D:1      | Reached XP level 1. HP: 16/16 MP: 1/1
   374 | D:1      | Gained mutation: You have a pair of small antennae on your
                  | head. [demonic ancestry]
   374 | D:1      | Reached XP level 2. HP: 19/22 MP: 2/2
   509 | D:1      | Reached skill level 3 in Long Blades
  1007 | D:2      | HP: 1/22 [frilled lizard (1)]
  1345 | D:2      | Reached XP level 3. HP: 25/27 MP: 3/3
  1345 | D:2      | Noticed Robin
  1354 | D:2      | Killed Robin
  1937 | D:2      | Gained mutation: A weak demonic guardian rushes to your
                  | aid. [demonic ancestry]
  1937 | D:2      | Reached XP level 4. HP: 33/33 MP: 4/4
  2585 | D:2      | Reached skill level 4 in Long Blades
  2820 | D:3      | Reached skill level 1 in Armour
  2820 | D:3      | Reached XP level 5. HP: 16/39 MP: 5/5
  2831 | D:3      | Slain by a gnoll

Illustrated notes

Levels and vault maps discovered:
D:1:      minmay_arrival_five_plusses, layout_loops_ring
D:2:      layout_loops_ring, minmay_rat_gold_closets, uniq_robin
D:3:      layout_basic, minivault_19

Skill      XL: |  1  2  3  4 |
---------------+-------------+-----
Dodging        | 3 |  3.4
Long Blades    | 3 4 |  4.1
Armour         | 1 |  1.0
Fighting       | |  2.5
Throwing       | |  1.9
Stealth        | |  0.8

Action                   |  1- 3 |  4- 6 || total
-------------------------+-------+-------++-------
Melee: Long sword        |   122 |    81 ||   203
       Punch             |       |     2 ||     2
Throw: Throwing net      |     2 |       ||     2
  Use: Scroll            |     3 |     1 ||     4
       Potion            |       |     3 ||     3
 Stab: Sleeping          |     1 |     3 ||     4
Armor: Leather armour    |    41 |     8 ||    49
Dodge: Dodged            |   157 |    70 ||   227
